[Event "Czech Juniors Boys 2024"]
[Site "Jaromerice nad Rokytnou"]
[Date "2024.03.13"]
[Round "7.5"]
[White "Bohacek, Jan Andrej"]
[Black "Jares, Michal"]
[Result "0-1"]
[ECO "E04"]
[WhiteElo "2140"]
[BlackElo "2347"]
[Annotator "TA"]
[PlyCount "180"]
[EventDate "2024.03.10"]
[EventType "tourn"]
[EventCountry "CZE"]
[SourceTitle "playchess.com"]
[Source "ChessBase"]
[SourceQuality "1"]
[TimeControl "40/5400+30:1800+30"]

1. d4 d5 2. c4 e6 3. g3 Nf6 4. Bg2 Bb4+ 5. Nd2 O-O 6. Ngf3 dxc4 7. Qc2 b5 8. a4 bxa4 9. O-O (9. Qxc4 a5 $15) 9... Bb7 {[%emt 0:00:29] Weiß hat minimalen Vorteil.} 10. Nxc4 a5 11. Rd1 (11. Rxa4 Be4 12. Qd1 Qd5 13. Rxb4 axb4 $17) (11. Qxa4 Nbd7 $11) 11... Nbd7 12. Nfe5 Bxg2 13. Kxg2 Qc8 14. Qxa4 Nxe5 15. Nxe5 c5 16. Bg5 Ne4 17. Be7 (17. Be3 {vereinfacht} cxd4 18. Rxd4 Nd6 19. Bd2) 17... Re8 18. Bxc5 Nxc5 (18... Nxf2 $2 19. Kxf2 Bxc5 20. Rac1 (20. dxc5 Qxc5+ 21. Qd4 Rec8 $18) 20... Bxd4+ 21. Qxd4 $18) 19. dxc5 Qxc5 20. Nc6 Rac8 21. Nxb4 axb4 {[%emt 0:01:11] [#]} 22. Rac1 $1 Qf8 (22... Qe5 23. Rd2) 23. Rxc8 Rxc8 $14 {[%emt 0:00:02][%mdl 4096] Endspiel. KQR-KQR} 24. Rd4 Rb8 25. b3 g6 26. Qa7 Rd8 27. Rf4 e5 (27... Rd2 $11) 28. Rc4 Rc8 29. Rc7 (29. Re4 $1 $16) 29... Rxc7 $11 30. Qxc7 {[%emt 0:00:07] KQ-KQ} Qa8+ 31. f3 e4 32. Qc4 exf3+ 33. exf3 Qa2+ 34. Kh3 Qd2 35. Qe4 Qc3 36. Qd5 h5 37. Qd8+ Kg7 38. Qd5 f6 39. Kg2 g5 40. Qd7+ Kh6 41. Qd5 g4 42. f4 h4 43. gxh4 Qh3+ 44. Kg1 $1 g3 45. hxg3 Qxg3+ 46. Kf1 Qxf4+ 47. Ke2 Qxh4 48. Qd2+ $1 Kg6 49. Qd8 $2 (49. Qd3+ $11 f5 50. Qd6+ Kh5 51. Qe5) 49... Qh2+ $2 ({Günstiger ist} 49... Qe4+ $19 50. Kd2 f5) 50. Kd1 $2 {[%emt 0:03:15][%mdl 8192] Davon erholt Weiß sich nicht mehr.} (50. Kf3 $15) 50... Qg1+ 51. Kc2 $2 (51. Ke2 Qg2+ 52. Kd3 Qh3+ 53. Kc4 Qc3+ 54. Kb5) 51... Qc5+ $19 52. Kd1 Qc3 53. Qg8+ Kf5 54. Qh7+ Kf4 {[%emt 0:00:36] ...Qd4+ ist eine echte Drohung.} 55. Qh4+ Ke5 $1 56. Qh2+ Ke4 57. Qe2+ Kd5 58. Qb5+ (58. Qg2+ $142 Kd6 59. Qh2+ Qe5 60. Qh4) 58... Kd6 59. Qb8+ Ke7 60. Qb7+ Ke6 61. Qe4+ Kd6 62. Qf4+ Kd5 63. Qf5+ {[%emt 0:00:20] [#]} Qe5 $1 64. Qf3+ $2 (64. Qd7+ Qd6 65. Qg4) 64... Kd6 $2 (64... Kc5 65. Qh3 f5) 65. Kc2 (65. Qg4 {kämpft weiter.} Qa1+ 66. Kc2) 65... Qc5+ $2 (65... f5 66. Qd3+ Ke7) 66. Kb2 (66. Kb1 $142) 66... f5 67. Qd3+ Ke6 {[%emt 0:00:01] Droht stark ...Qe5+.} 68. Qa6+ Ke5 69. Qe2+ Kf6 (69... Kf4 $142 {( -> ...Qe5+)} 70. Qh2+ Kg5 71. Qg3+ Kh5 72. Qh3+ Kg6 73. Qg3+ Kf7) 70. Qh5 $2 (70. Qd2 Qe5+ 71. Kc2) 70... Qc3+ 71. Ka2 f4 {[%emt 0:01:09] Und jetzt ...f3 wäre schön.} 72. Qh8+ Kf5 $2 (72... Kg5 73. Qh1 Qd2+ 74. Kb1 Qd3+ 75. Kb2 f3 76. Qg1+ Kf4) 73. Qh7+ $2 (73. Qh5+ $19 Ke4 74. Qe2+ Kd4 75. Qf2+ Kd3 76. Qf3+ (76. Qxf4 {ist ein Selbstmatt.} Qd2+ 77. Qxd2+ Kxd2 78. Kb2 Kd3 79. Kb1 Kc3 80. Ka2 Kc2 81. Ka1 Kxb3 82. Kb1 Ka3 83. Kc2 b3+ 84. Kc1 Ka2 85. Kd2 b2 86. Ke3 b1=Q 87. Kf4 Qb5 88. Kg4 Kb3 89. Kg3 Qg5+ 90. Kf3 Kc3 91. Ke4 Kc4 92. Kf3 Kd3 93. Kf2 Qg4 94. Kf1 Ke3 95. Ke1 Qg1#) 76... Kc2 77. Qe2+ Qd2 78. Qc4+ Kd1+ 79. Kb1) 73... Ke5 74. Qe7+ Kd4 75. Qa7+ Kd3 76. Qd7+ Ke3 77. Qe6+ Kf3 78. Qh3+ Ke4 (78... Ke2 $142 79. Qg4+ f3 80. Qh5 Kd1 (80... Qc2+ $2 81. Ka1 $19) 81. Qh1+ Qe1 82. Qxf3+ Qe2+ 83. Qxe2+ Kxe2 84. Ka1 Kd2 85. Kb2 Kd3 86. Kb1 Kc3 87. Ka2 Kc2 88. Ka1 Kxb3 89. Kb1 Ka3 90. Kc2 b3+ 91. Kc1 Ka2 92. Kd2 b2 93. Ke3 Kb3 (93... b1=R {führt zum Matt.} 94. Kd4 Rb8 95. Ke5 Rb5+ 96. Kf6 Kb3 97. Kg6 Kc4 98. Kf6 Rd5 99. Kf7 Kc5 100. Ke6 Kc6 101. Kf7 Kd6 102. Kf6 Kd7 103. Kg7 Ke7 104. Kg6 Ra5 105. Kg7 Ra6 106. Kh8 Rg6 107. Kh7 Kf7 108. Kh8 Rh6#) 94. Kf4 b1=Q (94... b1=B 95. Kg5 $11) 95. Kg4 Qe4+ 96. Kg5 Kc4 97. Kf6 Kd5 98. Kf7 Qe5 99. Kf8 Qc7 100. Kg8 Ke6 101. Kh8 Kf7 102. Kh7 Qh2#) 79. Qe6+ {[%emt 0:00:15] [#]} Qe5 $1 80. Qc4+ Qd4 81. Qe2+ Qe3 82. Qg2+ (82. Qc4+ $19 Kf5 83. Qb5+ Qe5 84. Qxb4) 82... f3 {[%emt 0:00:11] Schwarz setzt Matt.} 83. Qg6+ Kd4 84. Qb6+ Kd3 85. Qb5+ Kc2 {[%emt 0:01:30] Aktives Gegenspiel!} 86. Qc4+ Kd1 87. Kb1 f2 88. Qf1+ Kd2 89. Qc1+ Ke2 90. Qc2+ Ke1 {[%emt 0:01:03] Gewichteter Fehlerwert: Weiß=0.34/Schwarz=0.27 (präzise) .  Verlustzug:     	Weiß=2     	---        Gewinn verpasst:   	---       	Schwarz=1     Fehler:       	Weiß=6     	Schwarz=2     Ungenau:       	Weiß=3     	Schwarz=3     OK:         	Weiß=23    	Schwarz=20    Bester:       	Weiß=8     	Schwarz=7     Stark:        	Weiß=2     	Schwarz=2} 0-1

[Event "Czech Juniors Boys 2024"]
[Site "Jaromerice nad Rokytnou"]
[Date "2024.03.13"]
[Round "7.6"]
[White "Hak, David"]
[Black "Frank, Adam"]
[Result "1/2-1/2"]
[ECO "E92"]
[WhiteElo "2283"]
[BlackElo "2284"]
[Annotator "RC"]
[PlyCount "112"]
[EventDate "2024.03.10"]
[EventType "tourn"]
[EventCountry "CZE"]
[SourceTitle "playchess.com"]
[Source "ChessBase"]
[SourceQuality "1"]
[TimeControl "40/5400+30:1800+30"]

1. d4 Nf6 2. c4 g6 3. Nc3 Bg7 4. e4 d6 5. Nf3 O-O 6. Be2 e5 7. O-O h6 8. d5 Nbd7 9. Ne1 Nc5 10. f3 a5 11. Be3 Bd7 12. Nd3 b6 13. Qd2 Kh7 14. g4 Ng8 15. Nxc5 bxc5 16. Bd3 Ne7 17. Ne2 f5 18. exf5 gxf5 19. Ng3 Qe8 20. Kh1 Rb8 21. Nh5 Qg6 22. Qxa5 e4 23. Qxc7 exd3 24. Qxd7 Rf7 25. Qe6 Rxb2 26. Nxg7 Rxg7 27. Bf4 fxg4 28. Bxd6 Nf5 29. Be5 g3 30. Qxg6+ Rxg6 31. Bxb2 g2+ 32. Kg1 gxf1=Q+ 33. Kxf1 Ne3+ 34. Kf2 Nxc4 35. Bc3 Na3 36. Re1 Rd6 37. Re7+ Kg8 38. Rg7+ Kf8 39. Rc7 Nb1 40. Rxc5 Nxc3 41. Rxc3 Rxd5 42. Ke1 Re5+ 43. Kd1 Re2 44. a3 Rxh2 45. Rxd3 h5 46. Rd2 Rh1+ 47. Ke2 h4 48. Rd3 Rh2+ 49. Kf1 Ra2 50. Rd8+ Ke7 51. Ra8 h3 52. Kg1 Kf6 53. Ra5 Rg2+ 54. Kh1 Rf2 55. Ra8 Kg7 56. Ra4 Rxf3 1/2-1/2

[Event "Czech Juniors Boys 2024"]
[Site "Jaromerice nad Rokytnou"]
[Date "2024.03.13"]
[Round "8.1"]
[White "Lang, Simon"]
[Black "Frank, Adam"]
[Result "0-1"]
[ECO "B94"]
[WhiteElo "2043"]
[BlackElo "2284"]
[Annotator "RC"]
[PlyCount "120"]
[EventDate "2024.03.10"]
[EventType "tourn"]
[EventCountry "CZE"]
[SourceTitle "playchess.com"]
[Source "ChessBase"]
[SourceQuality "1"]
[TimeControl "40/5400+30:1800+30"]

1. e4 c5 2. Nf3 d6 3. d4 cxd4 4. Nxd4 Nf6 5. Nc3 a6 6. Bg5 Nbd7 7. f4 Qc7 8. Qf3 h6 9. Bxf6 Nxf6 10. Be2 e5 11. Nf5 Bxf5 12. exf5 Be7 13. O-O O-O 14. Kh1 Rac8 15. Bd3 Qb6 16. Rab1 Rfe8 17. Be4 Rc7 18. Rfe1 Bf8 19. Nd5 Nxd5 20. Bxd5 Rxc2 21. Qh5 Rc7 22. f6 gxf6 23. Rbd1 Bg7 24. f5 Ree7 25. Re4 Qxb2 26. h3 Rc1 27. Rxc1 Qxc1+ 28. Kh2 Qg5 29. Qf3 h5 30. Rc4 Bh6 31. h4 Qe3 32. Rc8+ Kg7 33. Rb8 Qxf3 34. gxf3 Bf4+ 35. Kg2 b5 36. Ra8 Rc7 37. Rxa6 Rc2+ 38. Kf1 Bg3 39. Rxd6 Bxh4 40. Rd7 Kh6 41. Rxf7 Rb2 42. Rb7 Kg5 43. Be4 Bg3 44. Kg1 h4 45. a4 b4 46. a5 b3 47. a6 Ra2 48. Rxb3 Rxa6 49. Rb7 Ra1+ 50. Kg2 Ra2+ 51. Kg1 Kf4 52. Rg7 Ke3 53. Rg6 Bf4 54. Rxf6 h3 55. Rb6 Rg2+ 56. Kh1 Kf2 57. Rb2+ Kg3 58. Rb8 Be3 59. Rg8+ Kf2 60. Rg6 Bf4 0-1

[Event "Czech Juniors Boys 2024"]
[Site "Jaromerice nad Rokytnou"]
[Date "2024.03.13"]
[Round "8.2"]
[White "Jares, Michal"]
[Black "Hak, David"]
[Result "1-0"]
[ECO "D11"]
[WhiteElo "2347"]
[BlackElo "2283"]
[Annotator "TA"]
[PlyCount "75"]
[EventDate "2024.03.10"]
[EventType "tourn"]
[EventCountry "CZE"]
[SourceTitle "playchess.com"]
[Source "ChessBase"]
[SourceQuality "1"]
[TimeControl "40/5400+30:1800+30"]

1. Nf3 d5 2. g3 c6 3. Bg2 Bg4 4. O-O Nd7 5. d4 e6 6. c4 Ngf6 7. h3 Bf5 8. Nc3 Ne4 (8... dxc4 $11 {was preferrable.} 9. Nh4 Bg6) 9. Nh4 $14 {[%emt 0:10:04] White is slightly better.} Nxc3 10. bxc3 Be4 11. f3 Bg6 12. cxd5 (12. e4 {keeps more tension.} Qc7 13. exd5 Qxg3 14. Nxg6 hxg6 15. dxe6 fxe6 16. Qe1) 12... cxd5 13. Nxg6 hxg6 14. e4 {[%emt 0:00:27] Hoping for exd5.} Nb6 15. Qb3 Qc7 16. f4 (16. exd5 $14 Nxd5 17. c4) 16... dxe4 $11 17. Bxe4 Rxh3 18. Kg2 Rh8 19. Be3 O-O-O {[%emt 0:09:20] [#]} (19... Be7 $11 {remains equal.}) 20. c4 $1 $16 {[%emt 0:05:17][%cal Bc3c4,Bc4c5,Bc5c6][%mdl 1056] White has strong compensation. Active counter play!} Kb8 {[%emt 0:01:49] [#]} (20... Qxc4 $2 21. Rac1 $18) (20... Nxc4 $2 21. Rfc1 Kd7 (21... b5 $2 22. Qxb5 $18) 22. Rxc4 $18) (20... Be7 21. a4) 21. Rfc1 Be7 22. a4 {[%emt 0:00:29][%cal Ba2a4,Ba4a5][%mdl 32] Threatens to win with a5.} Nc8 $2 (22... a5 $16 {is tougher.}) 23. c5 Rh5 24. Rab1 Rhd5 25. a5 a6 26. c6 Nd6 {[%emt 0:04:20] And now ...Rb5 would win.} 27. cxb7 Qxa5 (27... Rb5 28. Rxc7 Rxb3) 28. Bf3 $2 (28. Bxd5 Qxd5+ 29. Qxd5 exd5 $16) (28. Qc2 Ka7 29. Bd2) 28... Rb5 $18 29. Qc2 {[%emt 0:00:57] Ra1 is the strong threat. The board is on fire.} Nxb7 (29... Rxb1 $142 30. Qxb1 (30. Rxb1 Qf5 $16) 30... Nf5) 30. Bxb7 Kxb7 $2 (30... Rxb7 {is more resistant.} 31. Rxb7+ Kxb7) 31. Qc6+ Kb8 32. Rxb5+ $4 (32. d5 $18 {is the narrow road to win. White wants to mate with Ra1.} Bd6 (32... Rdxd5 33. Qc8#) (32... exd5 $2 33. Ra1 $18) (32... Qa2+ $2 33. Kg1 $18) 33. Kg1) 32... axb5 $4 {[%emt 0:00:05][%mdl 8192] [#]} (32... Qxb5 $19 33. Qc7+ Ka8) 33. d5 $1 {[%emt 0:00:34][%mdl 512] aiming for Bb6.} Rh8 (33... b4 34. d6) 34. d6 Bf6 35. d7 (35. Rc5 $142 Bd4 36. Rxb5+ (36. Bxd4 Qd2+ 37. Bf2 Rh2+ 38. Kxh2 Qxf2+ 39. Kh3 Qf1+ 40. Kh4 g5+ 41. fxg5 Ka7) 36... Qxb5 37. Qxb5+ Kc8 38. Bxd4 Rh2+ 39. Kxh2 f6 40. Qc6+ Kb8 41. Qc7+ Ka8 42. Qc8#) 35... Qa2+ 36. Kf1 {[%emt 0:00:36] White mates.} Bc3 37. Qb6+ Ka8 38. d8=Q+ {[%emt 0:00:04] Weighted Error Value: White=0.37/Black=0.98.  Loses game:     	---       	Black=1      Missed win:     	White=1     	Black=1      Mistake:       	White=2     	Black=5      Inaccurate:     	White=1     	Black=2      OK:         	White=12    	Black=8      Best:        	---       	Black=3      Brilliant:      	White=1     	---} ({Inferior is} 38. d8=B Rh1+ 39. Bg1 Qc4+ 40. Kg2 Qd5+ 41. Kf1 Rxg1+ 42. Qxg1 Qd3+ (42... Qf3+ 43. Qf2 $11) 43. Kg2 Qxd8 $11) 1-0

[Event "Czech Juniors Boys 2024"]
[Site "Jaromerice nad Rokytnou"]
[Date "2024.03.13"]
[Round "8.3"]
[White "Jun, Rudolf"]
[Black "Bohacek, Jan Andrej"]
[Result "1/2-1/2"]
[ECO "B13"]
[WhiteElo "2243"]
[BlackElo "2140"]
[Annotator "RC"]
[PlyCount "117"]
[EventDate "2024.03.10"]
[EventType "tourn"]
[EventCountry "CZE"]
[SourceTitle "playchess.com"]
[Source "ChessBase"]
[SourceQuality "1"]
[TimeControl "40/5400+30:1800+30"]

1. e4 c6 2. d4 d5 3. exd5 cxd5 4. Nf3 Nc6 5. Bd3 Bg4 6. c3 e6 7. h3 Bh5 8. Bf4 Bd6 9. Bxd6 Qxd6 10. Nbd2 Bg6 11. Bxg6 hxg6 12. Qe2 Nf6 13. Ne5 O-O 14. g3 b5 15. O-O Rab8 16. a3 Rfc8 17. Kg2 a5 18. h4 Qd8 19. Rh1 b4 20. axb4 axb4 21. Ra6 Rb6 22. Rha1 bxc3 23. bxc3 Nxe5 24. dxe5 Nd7 25. h5 Rxa6 26. Rxa6 gxh5 27. Qxh5 g6 28. Qe2 Rxc3 29. Ra7 Rc7 30. Ra1 Qb8 31. Nf3 Nc5 32. Ng5 d4 33. Qf3 Qb7 34. Ra8+ Kg7 35. Rd8 d3 36. Qxb7 Rxb7 37. f4 Rb3 38. Kf2 Na4 39. Ne4 Nb2 40. Nf6 d2 41. Rxd2 Rb8 42. Kf3 Nc4 43. Rh2 Rh8 44. Ra2 Rb8 45. Ra4 Rb3+ 46. Kf2 Rb2+ 47. Ke1 Ne3 48. Ra8 Ng2+ 49. Kd1 Ne3+ 50. Kc1 Rc2+ 51. Kb1 Rg2 52. Rg8+ Kh6 53. Rh8+ Kg7 54. Rh3 Kf8 55. Nh7+ Kg8 56. Nf6+ Kg7 57. Ne4 Nf1 58. Kc1 Ne3 59. Nf6 1/2-1/2

[Event "Czech Juniors Boys 2024"]
[Site "Jaromerice nad Rokytnou"]
[Date "2024.03.13"]
[Round "8.4"]
[White "Seidl, Jan"]
[Black "Bokhnak, Timofey"]
[Result "1/2-1/2"]
[ECO "E16"]
[WhiteElo "2230"]
[BlackElo "2241"]
[Annotator "RC"]
[PlyCount "70"]
[EventDate "2024.03.10"]
[EventType "tourn"]
[EventCountry "CZE"]
[SourceTitle "playchess.com"]
[Source "ChessBase"]
[SourceQuality "1"]
[TimeControl "40/5400+30:1800+30"]

1. d4 Nf6 2. c4 e6 3. g3 d5 4. Bg2 Bb4+ 5. Nd2 O-O 6. Ngf3 b6 7. O-O Bb7 8. a3 Be7 9. cxd5 exd5 10. b4 a5 11. b5 c6 12. Qb3 cxb5 13. Qxb5 Ba6 14. Qb2 Bxe2 15. Re1 Ba6 16. Ne5 Bd6 17. Ndc4 Bc7 18. Ne3 Bb7 19. Nf5 Ne4 20. Qe2 Qf6 21. Ne3 Qe6 22. f4 f5 23. Bb2 Nd7 24. Rec1 Ba6 25. Qd1 Bd6 26. Qb3 Bb7 27. a4 Bb4 28. Rc7 Nxe5 29. fxe5 Rab8 30. Nxf5 Qxf5 31. Rf1 Qg6 32. Rxb7 Rxb7 33. Qxd5+ Rbf7 34. Rxf7 Qxf7 35. Bxe4 g6 1/2-1/2

[Event "Czech Juniors Boys 2024"]
[Site "Jaromerice nad Rokytnou"]
[Date "2024.03.13"]
[Round "8.5"]
[White "Soucek, Petr"]
[Black "Paseka, Matyas"]
[Result "1/2-1/2"]
[ECO "E63"]
[WhiteElo "2209"]
[BlackElo "2233"]
[Annotator "RC"]
[PlyCount "107"]
[EventDate "2024.03.10"]
[EventType "tourn"]
[EventCountry "CZE"]
[SourceTitle "playchess.com"]
[Source "ChessBase"]
[SourceQuality "1"]
[TimeControl "40/5400+30:1800+30"]

1. c4 Nf6 2. d4 g6 3. Nf3 Bg7 4. g3 O-O 5. Bg2 d6 6. Nc3 Nc6 7. O-O a6 8. b3 Rb8 9. Bg5 h6 10. Bxf6 Bxf6 11. e3 b5 12. cxb5 axb5 13. Rc1 Nb4 14. a3 Na6 15. b4 Bd7 16. Qe2 Bg7 17. Rfd1 e6 18. e4 Qe7 19. e5 d5 20. Bf1 c6 21. Nb1 Nc7 22. Nbd2 Na8 23. Nb3 Nb6 24. Qe3 Rfc8 25. h4 Ra8 26. Ra1 Ra7 27. Nfd2 Rca8 28. Na5 Rxa5 29. bxa5 Rxa5 30. Nb3 Ra7 31. Nc5 Bf8 32. Bd3 Be8 33. Bc2 Nc4 34. Qe2 Qc7 35. a4 Bxc5 36. dxc5 bxa4 37. Re1 Qe7 38. Bd3 Na5 39. Rxa4 Nb3 40. Rxa7 Qxa7 41. Qe3 Qxc5 42. Bxg6 Qxe3 43. Rxe3 Nd4 44. Bh5 c5 45. Ra3 c4 46. Bd1 Kg7 47. f4 Nb5 48. Ra8 Nc3 49. Bf3 Ba4 50. Kf2 Bd1 51. Rc8 h5 52. Rc7 Bxf3 53. Kxf3 Nb5 54. Rc5 1/2-1/2

[Event "Czech Juniors Boys 2024"]
[Site "Jaromerice nad Rokytnou"]
[Date "2024.03.13"]
[Round "8.6"]
[White "Vilimek, Vit"]
[Black "Skypala, Ondrej"]
[Result "0-1"]
[ECO "B33"]
[WhiteElo "2061"]
[BlackElo "2234"]
[Annotator "RC"]
[PlyCount "162"]
[EventDate "2024.03.10"]
[EventType "tourn"]
[EventCountry "CZE"]
[SourceTitle "playchess.com"]
[Source "ChessBase"]
[SourceQuality "1"]
[TimeControl "40/5400+30:1800+30"]

1. e4 c5 2. Nf3 Nc6 3. d4 cxd4 4. Nxd4 Nf6 5. Nc3 e5 6. Ndb5 d6 7. Bg5 a6 8. Na3 b5 9. Nab1 Be6 10. a4 b4 11. Nd5 Be7 12. Bxf6 Bxf6 13. Bc4 O-O 14. O-O Bg5 15. Qd3 a5 16. c3 bxc3 17. bxc3 Kh8 18. Na3 f5 19. f3 Nb8 20. Bb5 Nd7 21. Bxd7 Qxd7 22. Nb5 Rad8 23. Nbc7 fxe4 24. fxe4 Bg8 25. h3 Rf7 26. Rf2 Rxf2 27. Qe2 Rf1+ 28. Qxf1 Rc8 29. Nb5 Qc6 30. Qf5 Qc5+ 31. Kh1 h6 32. Nxd6 Rb8 33. Nf7+ Bxf7 34. Qxf7 Rf8 35. Qe6 Qc4 36. Qxe5 Rf2 37. Re1 Bh4 38. Ne3 Qxa4 39. Rb1 Qa2 40. Rb8+ Kh7 41. Rb7 Bf6 42. Qg3 Bxc3 43. Kh2 Rf7 44. Rb6 Qf2 45. Qg6+ Kh8 46. Rb8+ Rf8 47. Qd6 Bb4 48. Rxf8+ Qxf8 49. Qxf8+ Bxf8 50. Nd5 Bd6+ 51. Kg1 a4 52. Nc3 a3 53. Kf2 Kg8 54. Ke3 Kf7 55. Kd4 Ke6 56. Na2 Be5+ 57. Kc4 Bf6 58. Kd3 Ke5 59. g3 Kd6 60. Kc4 Ke5 61. Kd3 Be7 62. Ke3 Bd6 63. Nc1 Bc5+ 64. Kd3 Bf2 65. g4 Bh4 66. Na2 Bf6 67. Ke3 Bg5+ 68. Kd3 Kf4 69. Nb4 Bf6 70. Na2 Kg3 71. Ke3 Be5 72. Nb4 Kxh3 73. Kf3 Kh4 74. Na2 g5 75. Nb4 h5 76. gxh5 g4+ 77. Ke3 Kxh5 78. Kf2 Kg5 79. Ke3 Kh4 80. Kf2 Kh3 81. Kg1 Bd4+ 0-1

[Event "Czech Juniors Boys 2024"]
[Site "Jaromerice nad Rokytnou"]
[Date "2024.03.14"]
[Round "9.1"]
[White "Skypala, Ondrej"]
[Black "Lang, Simon"]
[Result "0-1"]
[ECO "A37"]
[WhiteElo "2234"]
[BlackElo "2043"]
[Annotator "RC"]
[PlyCount "158"]
[EventDate "2024.03.10"]
[EventType "tourn"]
[EventCountry "CZE"]
[SourceTitle "playchess.com"]
[Source "ChessBase"]
[SourceQuality "1"]
[TimeControl "40/5400+30:1800+30"]

1. c4 c5 2. g3 Nc6 3. Bg2 g6 4. Nf3 Bg7 5. O-O e5 6. Nc3 Nge7 7. d3 d6 8. Rb1 O-O 9. a3 a5 10. Ne1 Be6 11. Nd5 Rb8 12. Bg5 f6 13. Bd2 b5 14. b3 Bf7 15. Nxe7+ Nxe7 16. Nc2 a4 17. Ne3 Bh6 18. bxa4 Bxe3 19. fxe3 bxc4 20. Rxf6 cxd3 21. exd3 Rxb1 22. Qxb1 Nf5 23. Rxf7 Kxf7 24. Bd5+ Kg7 25. a5 Qf6 26. Qf1 Qg5 27. a6 Nxg3 28. Qxf8+ Kxf8 29. hxg3 Qe7 30. Bb7 Qc7 31. a4 Kf7 32. e4 h5 33. Kg2 Kf6 34. Kh2 g5 35. Kg2 Kg6 36. Be1 Qd7 37. a5 Qc7 38. Kf3 Qf7+ 39. Ke3 Qd7 40. Kf3 Kf6 41. Ke3 Ke7 42. Bd5 Kd8 43. Kf2 Ke7 44. Kg2 Kf6 45. Kf3 Kg6 46. Kg2 Qa7 47. Bb7 Qb8 48. Bd5 Qb2+ 49. Bf2 Qb8 50. Be1 Qc7 51. Kf3 Kh6 52. Bd2 Kg6 53. Be1 Qd7 54. Kg2 Qh7 55. Bf2 Qa7 56. Bb7 Qb8 57. Bd5 g4 58. Be1 Qb2+ 59. Bf2 Qb8 60. Be1 Kf6 61. Bd2 Ke7 62. Bg5+ Kd7 63. Kf1 Kc7 64. Be7 Kd7 65. Bg5 Qb1+ 66. Ke2 Qb2+ 67. Bd2 Qb8 68. Bg5 Qa7 69. Bb7 Qb8 70. Bd5 Qc7 71. Bf7 Kc8 72. Bxh5 Kb8 73. Bd2 Qg7 74. Be1 Ka7 75. Be8 Kxa6 76. Kd1 Qf8 77. Bd7 Qf3+ 78. Kc2 Qe3 79. Bc8+ Ka7 0-1

[Event "Czech Juniors Boys 2024"]
[Site "Jaromerice nad Rokytnou"]
[Date "2024.03.14"]
[Round "9.2"]
[White "Paseka, Matyas"]
[Black "Vilimek, Vit"]
[Result "1/2-1/2"]
[ECO "B33"]
[WhiteElo "2233"]
[BlackElo "2061"]
[Annotator "ChessBase"]
[PlyCount "87"]
[EventDate "2024.03.10"]
[EventType "tourn"]
[EventCountry "CZE"]
[SourceTitle "playchess.com"]
[Source "ChessBase"]
[SourceQuality "1"]
[TimeControl "40/5400+30:1800+30"]

1. e4 c5 2. Nf3 Nc6 3. d4 cxd4 4. Nxd4 Nf6 5. Nc3 e5 6. Ndb5 d6 7. Bg5 a6 8. Na3 b5 9. Nd5 Be7 10. Bxf6 Bxf6 11. c3 O-O 12. Nc2 Rb8 13. h4 Be6 14. Nce3 Qd7 15. Nxf6+ gxf6 16. Qf3 Qe7 17. Bd3 b4 18. Nd5 Bxd5 19. exd5 e4 20. Bxe4 Rfe8 21. Qg4+ Kh8 22. dxc6 Qxe4+ 23. Qxe4 Rxe4+ 24. Kd2 bxc3+ 25. Kxc3 Rc8 26. Kd3 Rb4 27. b3 Rxc6 28. g3 Rc5 29. Rhd1 Re5 30. Rac1 Rb6 31. Rc7 Kg7 32. Rdc1 Rbb5 33. R1c2 a5 34. Kd2 Kg6 35. Rd7 Rbd5+ 36. Kc1 h5 37. Kb2 Re4 38. Ka3 Re1 39. Kb2 Re4 40. Rdc7 f5 41. R7c4 Kf6 42. Ka3 Ke5 43. Rc7 Kf6 44. R7c4 1/2-1/2

[Event "Czech Juniors Boys 2024"]
[Site "Jaromerice nad Rokytnou"]
[Date "2024.03.14"]
[Round "9.3"]
[White "Bokhnak, Timofey"]
[Black "Soucek, Petr"]
[Result "1-0"]
[ECO "B90"]
[WhiteElo "2241"]
[BlackElo "2209"]
[Annotator "RC"]
[PlyCount "129"]
[EventDate "2024.03.10"]
[EventType "tourn"]
[EventCountry "CZE"]
[SourceTitle "playchess.com"]
[Source "ChessBase"]
[SourceQuality "1"]
[TimeControl "40/5400+30:1800+30"]

1. e4 c5 2. Nf3 d6 3. d4 cxd4 4. Nxd4 Nf6 5. Nc3 a6 6. Be3 Ng4 7. Bg5 h6 8. Bh4 g5 9. Bg3 Bg7 10. h3 Nf6 11. Bd3 Nc6 12. Nxc6 bxc6 13. e5 Nd5 14. Nxd5 cxd5 15. Qe2 O-O 16. f4 gxf4 17. Bxf4 Qb6 18. c3 Rb8 19. Rb1 dxe5 20. Bxe5 Bxe5 21. Qxe5 Qe6 22. Qxe6 fxe6 23. Rf1 Rxf1+ 24. Bxf1 Kf7 25. Kd2 e5 26. b4 Ke6 27. a4 a5 28. Bb5 axb4 29. Rxb4 Kf6 30. Rh4 Kg5 31. Rb4 Kf6 32. Ke3 Bf5 33. g4 Be6 34. Bc6 d4+ 35. Kd3 Rc8 36. Rb6 dxc3 37. Kc2 Kf7 38. a5 Rc7 39. a6 Bc4 40. Bb7 Bd3+ 41. Kc1 Bxa6 42. Bd5+ Kg7 43. Rxa6 Rd7 44. Be4 h5 45. g5 Rd4 46. Bf5 Rf4 47. Bd7 Rd4 48. Bc8 Rc4 49. Be6 Rf4 50. Ra5 Re4 51. Bf5 Re3 52. Kc2 Rg3 53. h4 Re3 54. Rc5 Kf7 55. Rxc3 Re2+ 56. Kd3 Rf2 57. Ke4 Rf4+ 58. Kxe5 Rxh4 59. g6+ Kg7 60. Rc7 Kf8 61. Rc8+ Kg7 62. Re8 Rh1 63. Rxe7+ Kf8 64. Kf6 Rg1 65. g7+ 1-0

[Event "Czech Juniors Boys 2024"]
[Site "Jaromerice nad Rokytnou"]
[Date "2024.03.14"]
[Round "9.4"]
[White "Bohacek, Jan Andrej"]
[Black "Seidl, Jan"]
[Result "0-1"]
[ECO "A30"]
[WhiteElo "2140"]
[BlackElo "2230"]
[Annotator "RC"]
[PlyCount "75"]
[EventDate "2024.03.10"]
[EventType "tourn"]
[EventCountry "CZE"]
[SourceTitle "playchess.com"]
[Source "ChessBase"]
[SourceQuality "1"]
[TimeControl "40/5400+30:1800+30"]

1. Nf3 Nf6 2. e3 c5 3. b3 g6 4. Bb2 Bg7 5. c4 O-O 6. d4 cxd4 7. Nxd4 d5 8. Nd2 Nc6 9. Be2 Re8 10. cxd5 Nxd4 11. Bxd4 Nxd5 12. Bxg7 Kxg7 13. Bf3 e5 14. O-O Be6 15. Rc1 Qe7 16. Qe2 Red8 17. Rfd1 Rac8 18. Nb1 Rxc1 19. Rxc1 Qb4 20. Qb2 f6 21. Rd1 Nxe3 22. Rc1 Nf5 23. h3 Nd4 24. Be4 Rd7 25. Nc3 f5 26. Bb1 Rc7 27. Kh2 Qd6 28. Kh1 g5 29. Rd1 Qc5 30. Rc1 Qa5 31. b4 Qb6 32. Re1 Kf6 33. Na4 Qb5 34. Nc3 Qc6 35. Ne2 Qd6 36. Ng3 Qd5 37. h4 gxh4 38. Be4 0-1